 Dungeon Crawl Stone Soup version 0.24-a0-91-g4e4936a (console) character file.

Game seed: 8658592655198931593

14849 Duffy the Thaumaturge (level 12, 103/103 HPs)
             Began as a Naga Fire Elementalist on Feb 8, 2019.
             Was a Priest of Vehumet.
             Quit the game on level 3 of the Lair of Beasts.
             The game lasted 00:22:09 (16734 turns).

Duffy the Thaumaturge (Naga Fire Elementalist)     Turns: 16734, Time: 00:22:09

Health: 103/103    AC: 15    Str: 11    XL:     12   Next: 20%
Magic:  7/35       EV: 10    Int: 20    God:    Vehumet [***...]
Gold:   216        SH:  0    Dex: 12    Spells: 11/32 levels left

rFire    + . .     SeeInvis +   h - staff of conjuration {!a}
rCold    + . .     Gourm    .   (no shield)
rNeg     . . .     Faith    .   I - +2 robe {rC+ rF+}
rPois    +         Spirit   .   Q - +2 helmet
rElec    .         Reflect  .   (no cloak)
rCorr    .         Harm     .   (no gloves)
MR       +....                  (no barding)
Stlth    ++........             (no amulet)
HPRegen  0.27/turn              n - ring of magical power
MPRegen  0.24/turn              F - +5 ring of protection

@: very slow
A: large, see invisible, deformed body, poison resistance, slowness 2, slow
metabolism 1, spit poison 1, AC +4
a: Spit Poison, Renounce Religion


You were on level 3 of the Lair of Beasts.
You worshipped Vehumet.
Vehumet was most pleased with you.
You were near starving.

You visited 3 branches of the dungeon, and saw 14 of its levels.
You also visited: Sewer.

You collected 520 gold pieces.
You spent 304 gold pieces at shops.

Inventory:

Hand Weapons
 z - a +0 lajatang
 D - a +3 dire flail of protection
 N - a +0 blowgun
 S - a +1 trident of distortion
Missiles
 O - 4 curare-tipped needles
Armour
 v - a +0 large shield
 x - a +1 robe of magic resistance
 I - a +2 robe of resistance (worn)
 Q - a +2 helmet (worn)
 R - a +0 troll leather armour
 X - a +1 robe of cold resistance
Magical Staves
 h - an uncursed staff of conjuration (weapon) {!a}
 W - an uncursed staff of cold {!a}
Jewellery
 m - an uncursed ring of ice
 n - a ring of magical power (left hand)
 o - an uncursed ring of wizardry
 F - a +5 ring of protection (right hand)
 H - an uncursed ring of stealth
 K - an uncursed ring of protection from magic
 P - an uncursed ring of flight
Wands
 a - a wand of acid (2)
 e - a wand of polymorph (31)
 B - a wand of iceblast (6)
 V - a wand of disintegration (19)
Scrolls
 b - 5 scrolls of remove curse
 f - 6 scrolls of teleportation
 k - 3 scrolls of amnesia
 q - 3 scrolls of noise {unknown}
 w - 9 scrolls of identify
 y - 3 scrolls of magic mapping {unknown}
 A - 3 scrolls of immolation {unknown}
 C - a scroll of enchant weapon {unknown}
 E - a scroll of blinking {unknown}
 G - 2 scrolls of random uselessness {unknown}
 M - a scroll of fog {unknown}
 U - a scroll of enchant armour {unknown}
Potions
 d - 5 potions of lignification
 g - 5 potions of heal wounds {unknown}
 i - 8 potions of flight {unknown}
 j - 10 potions of curing
 l - 4 potions of agility
 p - 3 potions of might {unknown}
 r - 3 potions of haste {unknown}
 s - a potion of resistance
 t - 4 potions of brilliance
 u - 2 potions of cancellation
 J - a potion of berserk rage
 L - a potion of ambrosia {unknown}
 T - a potion of mutation {unknown}
Comestibles
 c - 19 rations


   Skills:
 - Level 5.0 Fighting
 - Level 1.5 Dodging
 - Level 3.0 Stealth
 + Level 10.6 Spellcasting
 + Level 10.2 Conjurations
 + Level 10.2 Fire Magic
 - Level 5.1 Evocations


You had 11 spell levels left.
You knew the following spells:

 Your Spells              Type           Power        Failure   Level  Hunger
h - Flame Tongue          Conj/Fire      #####        1%          1    None
j - Sticky Flame          Conj/Fire      ######..     1%          4    ##.....
k - Fireball              Conj/Fire      ######....   1%          5    ####...
l - Conjure Flame         Conj/Fire      ######..     1%          3    None
o - Mephitic Cloud        Conj/Pois/Air  #####...     1%          3    None
r - Regeneration          Chrm/Necr      ##........   21%         3    None
B - Blink                 Tloc           N/A          10%         2    None

Your spell library contained the following spells:

 Spells                   Type           Power        Failure   Level  Hunger
 Throw Icicle             Conj/Ice       #####...     2%          4    ##.....
 Magic Dart               Conj           ####         1%          1    None
 Throw Flame              Conj/Fire      ######       1%          2    None
 Inner Flame              Hex/Fire       ####....     1%          3    None
 Bolt of Magma            Conj/Fire/Erth ######....   3%          5    ####...
 Iskenderun's Battlesphe  Conj/Chrm      #####...     6%          5    ####...
 Venom Bolt               Conj/Pois      #####.....   6%          5    ####...
 Animate Skeleton         Necr           N/A          7%          1    None
 Apportation              Tloc           ##....       7%          1    None
 Beastly Appendage        Tmut           ##....       7%          1    None
 Confusing Touch          Hex            ##....       7%          1    None
 Pain                     Necr           ##..         7%          1    None
 Summon Small Mammal      Summ           ##..         7%          1    None
 Call Imp                 Summ           ##......     10%         2    None
 Slow                     Hex            ##......     10%         2    None
 Sticks to Snakes         Tmut           ##......     10%         2    None
 Confuse                  Hex            ##......     21%         3    None
 Gell's Gravitas          Tloc           ##........   21%         3    None
 Spider Form              Tmut/Pois      ##........   21%         3    None
 Vampiric Draining        Necr           ##........   21%         3    None
 Orb of Destruction       Conj           ######....   21%         7    #######
 Iron Shot                Conj/Erth      #####.....   30%         6    ######.
 Yara's Violent Unravell  Hex/Tmut       ##........   41%         5    ####...
 Animate Dead             Necr           N/A          54%         4    ##.....
 Ice Form                 Ice/Tmut       ##......     54%         4    ##.....
 Petrify                  Tmut/Erth      ##......     54%         4    ##.....
 Spellforged Servitor     Conj/Summ      #####.....   82%         7    #######
 Blade Hands              Tmut           ##........   88%         5    ####...
 Metabolic Englaciation   Hex/Ice        ##........   88%         5    ####...


Dungeon Overview and Level Annotations

Branches:
Dungeon (10/15)            Temple (1/1) D:4            Lair (3/6) D:9
 Shoals (0/4) Lair:2
  Snake: Lair:2-4    Spider: Lair:2-4       Orc: D:9-12

Altars:
Ashenzari
Cheibriados
Dithmenos
Elyvilon
Fedhas
Gozag
Hepliaklqana
Kikubaaqudgha
Makhleb
Nemelex Xobeh
Okawaru
Qazlal
Ru
Sif Muna
Trog
Uskayaw
Vehumet
Wu Jian
Xom
Yredelemnul
Zin
The Shining One

Shops:
D:7 *!=?(   D:8 (   D:10 :


Innate Abilities, Weirdness & Mutations

You cannot wear boots.
Your serpentine skin is tough. (AC +4)
You have supernaturally acute eyesight. (SInv)
Armour fits poorly on your strangely shaped body.
Your system is resistant to poisons. (rPois)
You cover ground very slowly.
You have a slow metabolism.
You can spit poison.


Message History

Aim: a yak (severely wounded)
You feel a surge of power!
The fireball explodes!
The fireball engulfs the yak!!
You kill the yak!
Vehumet accepts your kill.
You feel your power returning. Vehumet accepts your kill.
You feel your power returning.
You feel a bit more experienced.
The fireball engulfs the yak!
The yak is moderately wounded.
The yak bellows!
You are near starving!
Cast which spell? (? or * to list)
Aiming: Fireball (safe; 1% risk of failure)
Press: ? - help, Shift-Dir - straight line, f - yak
Aim: a yak (moderately wounded)
You feel a surge of power!
The fireball explodes!
The fireball engulfs the yak!!
The yak is almost dead.
Are you sure you want to abandon this character and quit the game? (Confirm with "yes".)

.... .....####.
.).. .}....#.
.... .....#.
.... .....##
#####..}..###
........^...#.}
.......%.......
..}..}.@.}....>
...............
......%....#..}
#####?.}..## #
Y....## .....##
.}....#
.....#.#


You could see a yak.

Vanquished Creatures
  Gastronok (D:10)
  Fannar (Lair:2)
  2 two-headed ogres
  Pikel (D:6)
  An elephant (D:9)
  A black mamba (Lair:3)
  Joseph (D:7)
  A gargoyle (D:10)
  A komodo dragon (Lair:1)
  A polar bear (Lair:2)
  3 trolls
  5 blink frogs (Lair:2)
  Prince Ribbit (D:7)
  A hippogriff (Lair:1)
  A snapping turtle (Lair:2)
  Sigmund (D:3)
  A spriggan (shapeshifter) (D:10)
  A basilisk (D:8)
  7 yaks
  A hungry ghost (D:9)
  A steam dragon (Lair:3)
  Edmund (D:5)
  Duvessa (D:6)
  4 porcupines
  An ice beast (D:7)
  7 water moccasins
  A phantom (D:7)
  4 ogres
  2 orc warriors
  A sky beast (D:7)
  4 wolves (Lair:1)
  A centaur (D:6)
  2 crocodiles (D:9)
  Blork the orc (D:5)
  4 big kobolds
  4 bullfrogs
  A wyvern skeleton (D:10)
  Dowan (D:6)
  A scorpion (D:10)
  3 killer bees (D:10)
  8 wights (D:8)
  3 howler monkeys
  A bullfrog zombie (D:7)
  A crimson imp (D:6)
  3 hounds
  3 jellies
  8 orc priests
  A bullfrog skeleton (D:5)
  A gnoll shaman (D:3)
  Ijyb (D:4)
  A centaur skeleton (D:9)
  3 orc wizards
  4 worker ants
  A hound zombie (D:8)
  A hound skeleton (D:4)
  A howler monkey zombie (D:7)
  Robin (D:3)
  A worker ant zombie (D:9)
  7 gnolls
  3 river rats (Sewer)
  10 adders
  A shadow imp (D:10)
  2 oozes
  2 worms
  2 dart slugs
  4 leopard geckos
  26 orcs
  4 giant cockroaches
  8 goblins
  9 hobgoblins
  17 jackals
  34 kobolds
  4 quokkas
  8 ball pythons
  2 ball python skeletons
  3 bats
  4 frilled lizards
  3 leopard gecko skeletons
  A quokka skeleton (D:6)
  31 rats
306 creatures vanquished.

Vanquished Creatures (others)
  A slave (D:6)
  A centaur zombie (D:6)
  A hound zombie (D:6)
  A leopard gecko (D:6)
4 creatures vanquished.

Grand Total: 310 creatures vanquished

Notes
Turn   | Place    | Note
-------+----------+-------------------------------------------
     0 | D:1      | Duffy the Naga Fire Elementalist began the quest for the
                  | Orb.
     0 | D:1      | Reached XP level 1. HP: 15/15 MP: 3/3
   352 | D:1      | Reached XP level 2. HP: 14/22 MP: 0/5
   840 | D:1      | Reached XP level 3. HP: 12/28 MP: 1/6
   930 | D:1      | Learned a level 3 spell: Conjure Flame
  1851 | D:2      | Found a snail-covered altar of Cheibriados.
  2076 | D:2      | Found an opulent altar of Gozag.
  2078 | D:2      | Found a sacrificial altar of Ru.
  2081 | D:2      | Found a deep blue altar of Sif Muna.
  2227 | D:2      | Reached XP level 4. HP: 36/36 MP: 2/7
  2298 | D:2      | Found a burning altar of Makhleb.
  2298 | D:2      | Noticed a cacodemon
  2301 | D:2      | Noticed a neqoxec
  2301 | D:2      | Noticed a hellwing
  2500 | D:3      | Found a glowing drain.
  2513 | Sewer    | Entered a sewer
  2890 | Sewer    | Reached XP level 5. HP: 42/42 MP: 9/9
  3034 | Sewer    | Learned a level 4 spell: Sticky Flame
  3056 | Sewer    | Noticed a big kobold
  3065 | Sewer    | Killed a big kobold
  3516 | Sewer    | Reached XP level 6. HP: 49/49 MP: 10/10
  3976 | D:3      | Noticed Robin
  3985 | D:3      | Killed Robin
  4292 | D:3      | Reached skill level 1 in Fighting
  4446 | D:3      | Found a hide-covered altar of Uskayaw.
  4446 | D:3      | Noticed Sigmund
  4458 | D:3      | Killed Sigmund
  4458 | D:3      | Reached XP level 7. HP: 48/57 MP: 12/13
  4463 | D:3      | Noticed a +0 hand axe
  4463 | D:3      | Noticed a +0 dagger
  4999 | D:4      | Learned a level 5 spell: Fireball
  5007 | D:4      | Noticed Ijyb
  5008 | D:4      | Found a staircase to the Ecumenical Temple.
  5016 | D:4      | Killed Ijyb
  5023 | Temple   | Entered the Ecumenical Temple
  5331 | Temple   | Became a worshipper of Vehumet
  5749 | D:4      | Learned a level 2 spell: Blink
  5963 | D:4      | Found a glowing golden altar of the Shining One.
  6067 | D:5      | Entered Level 5 of the Dungeon
  6245 | D:5      | Reached skill level 1 in Evocations
  6245 | D:5      | Reached XP level 8. HP: 69/73 MP: 14/14
  6397 | D:5      | Noticed Blork the orc
  6398 | D:5      | Noticed Edmund
  6567 | D:5      | Reached skill level 5 in Fighting
  6678 | D:5      | Reached * piety under Vehumet
  6678 | D:5      | Offered knowledge of Sting by Vehumet.
  6691 | D:5      | Killed Blork the orc
  7003 | D:5      | Killed Edmund
  7252 | D:5      | Found a glowing silver altar of Zin.
  7970 | D:6      | Found a basalt altar of Yredelemnul.
  7991 | D:6      | Reached skill level 5 in Evocations
  8018 | D:6      | Noticed Pikel
  8037 | D:6      | Killed Pikel
  8037 | D:6      | Reached XP level 9. HP: 68/81 MP: 12/18
  8222 | D:6      | Noticed Duvessa
  8222 | D:6      | Noticed Dowan
  8226 | D:6      | Killed Dowan
  8230 | D:6      | Killed Duvessa
  8726 | D:7      | Found a hazy altar of Hepliaklqana.
  8842 | D:7      | Noticed Prince Ribbit
  8853 | D:7      | Killed Prince Ribbit
  8853 | D:7      | Reached skill level 5 in Conjurations
  8853 | D:7      | Reached skill level 5 in Fire Magic
  8858 | D:7      | Learned a level 3 spell: Mephitic Cloud
  8862 | D:7      | Learned a level 3 spell: Regeneration
  8964 | D:7      | Found Kuchima's Weapon Boutique.
  8973 | D:7      | Noticed Joseph
  8982 | D:7      | Killed Joseph
  9218 | D:7      | Found Naxif's Magic Scroll Emporium.
  9285 | D:7      | Found Keschy's Jewellery Emporium.
  9555 | D:7      | Found Widaus's Distillery.
  9865 | D:7      | Found Buyqef's General Store.
  9873 | D:7      | Bought a scroll of identify for 30 gold pieces
 10156 | D:7      | Bought a potion of curing for 45 gold pieces
 10156 | D:7      | Bought a potion of degeneration for 15 gold pieces
 10156 | D:7      | Bought a potion of agility for 60 gold pieces
 10156 | D:7      | Bought a potion of brilliance for 60 gold pieces
 10156 | D:7      | Bought a potion of lignification for 45 gold pieces
 10225 | D:7      | Bought a scroll of amnesia for 49 gold pieces
 10466 | D:8      | Reached XP level 10. HP: 88/88 MP: 20/21
 10826 | D:8      | Found a sparkling altar of Nemelex Xobeh.
 10950 | D:8      | Noticed a two-headed ogre
 10956 | D:8      | Killed a two-headed ogre
 11059 | D:8      | Reached ** piety under Vehumet
 11085 | D:8      | Found Gaobalal's Weapon Shop.
 11281 | D:8      | Offered knowledge of Throw Frost by Vehumet.
 12059 | D:9      | Found a staircase to the Lair.
 12179 | D:9      | Found an ornate altar of the Wu Jian Council.
 12508 | D:9      | Offered knowledge of Ignite Poison by Vehumet.
 12672 | D:9      | Found a shadowy altar of Dithmenos.
 12978 | D:9      | Noticed an elephant
 12990 | D:9      | Killed an elephant
 13303 | D:10     | Entered Level 10 of the Dungeon
 13364 | D:10     | Reached XP level 11. HP: 80/94 MP: 24/24
 13577 | D:10     | Reached *** piety under Vehumet
 13596 | D:10     | Found Uryabror's Book Boutique.
 13652 | D:10     | Noticed a two-headed ogre
 13668 | D:10     | Killed a two-headed ogre
 13891 | D:10     | Noticed Gastronok
 13896 | D:10     | Killed Gastronok
 14409 | Lair:1   | Entered Level 1 of the Lair of Beasts
 14946 | Lair:1   | Reached skill level 10 in Spellcasting
 15778 | Lair:2   | Found a glowing silver altar of Zin.
 15826 | Lair:2   | Offered knowledge of Throw Icicle by Vehumet.
 15862 | Lair:2   | Found a staircase to the Shoals.
 15874 | Lair:2   | Reached XP level 12. HP: 28/103 MP: 0/26
 16213 | Lair:2   | Noticed Fannar
 16222 | Lair:2   | Killed Fannar
 16222 | Lair:2   | Reached skill level 10 in Conjurations
 16222 | Lair:2   | Reached skill level 10 in Fire Magic
 16364 | Lair:2   | You fall through a shaft!
 16734 | Lair:3   | Quit the game

Levels and vault maps discovered:
D:1:      lemuel_arrival_cross, layout_basic, serial_glass, glass_columns_a,
          glass_columns_a, glass_columns_c
D:2:      layout_basic, makhleb_altar_promises_db,
          grunt_temple_overflow_diamond, kennysheep_slug_shrine
D:3:      layout_basic, dancing_weapons_uskayaw, cheibrodos_sewer_entry_sluice,
          uniq_robin, uniq_sigmund
D:4:      layout_rooms, tso_oasis_becter, minmay_temple_entry_drinking_statues,
          bh_walls_and_bars, uniq_ijyb
D:5:      layout_layer_cave, lemuel_coloured_pillars_altar, first_ration,
          uniq_blork_the_orc, uniq_edmund
D:6:      layout_loops_ring, yredelemnul_altar_generic, uniq_pikel, uniq_duvessa
D:7:      layout_layer_cave, old_standard_altar, serial_shops, shop_fountains,
          shop, nicolae_shop_competitors_out_of_business, kennysheep_mini_moat,
          shop, uniq_joseph, uniq_prince_ribbit1
D:8:      layout_basic, lemuel_doored_altar, serial_shops, shop_statue
D:9:      layout_stronghold, nicolae_overflow_crystal_walls,
          nicolae_overflow_hidden_temple, david_lair_generic
D:10:     layout_loops_corners, serial_shops, nicolae_shop_stone, uniq_gastronok
Temple:   jpeg_temple_island
Lair:1:   layout_chaotic_city
Lair:2:   layout_roguey, minmay_shoals_entry_hut, basic_altar,
          lemuel_fruit_tree, uniq_fannar
Lair:3:   layout_misc_corridors, grunt_megastairs_3, infiniplex_staircase_pool
Sewer:    sewer_minmay_treatment

Skill      XL: |  1  2  3  4  5  6  7  8  9 10 11 12 |
---------------+-------------------------------------+-----
Conjurations   | 2 3 4 6 8 9 10 | 10.2
Spellcasting   | 3 4 6 7 9 10 | 10.6
Fire Magic     | 4 6 8 9 10 | 10.2
Fighting       | 1 4 5 |  5.0
Evocations     | 1 5 |  5.1
Dodging        | |  1.5
Stealth        | |  3.0

Action                   |  1- 3 |  4- 6 |  7- 9 | 10-12 || total
-------------------------+-------+-------+-------+-------++-------
Melee: Dagger            |    20 |       |       |       ||    20
       Short sword       |     9 |    13 |    10 |       ||    32
       Lajatang          |       |       |     2 |       ||     2
       Dire flail        |       |       |     2 |       ||     2
 Cast: Flame Tongue      |    57 |   118 |   241 |   276 ||   692
       Sticky Flame      |       |     3 |    21 |    32 ||    56
       Conjure Flame     |       |       |    11 |    22 ||    33
       Fireball          |       |       |       |    22 ||    22
 Abil: Spit Poison       |    11 |       |     2 |     1 ||    14
Evoke: Wand              |       |       |     1 |     2 ||     3
  Use: Scroll            |       |       |     4 |       ||     4
 Stab: Sleeping          |     1 |     1 |     1 |       ||     3
  Eat: Chunk             |     4 |     7 |    15 |    14 ||    40
       Ration            |       |       |     1 |     2 ||     3
Armor: Robe              |     8 |    22 |    63 |    50 ||   143
Dodge: Dodged            |    40 |    46 |    68 |    64 ||   218

Table legend:
 A = Non-vault XP
 B = Vault XP
 C = Vault XP percentage of total XP
 D = Non-vault monster count
 E = Vault monster count
 F = Vault count percentage of total count
                 A         B        C        D         E       F
            +---------+---------+-------+---------+---------+-------
      Total |   13791 |    7422 |  35.0 |     228 |      78 |  25.5
            +---------+---------+-------+---------+---------+-------
        D:1 |      49 |       0 |   0.0 |      25 |       0 |   0.0
        D:2 |      31 |       4 |  11.4 |      16 |       1 |   5.9
        D:3 |     192 |     257 |  57.2 |      22 |      12 |  35.3
        D:4 |     346 |      39 |  10.1 |      21 |       1 |   4.5
        D:5 |     367 |     262 |  41.7 |      15 |       2 |  11.8
        D:6 |     223 |     851 |  79.2 |       6 |       3 |  33.3
        D:7 |     739 |     724 |  49.5 |      23 |       2 |   8.0
        D:8 |    2096 |       0 |   0.0 |      28 |       0 |   0.0
        D:9 |    1745 |     950 |  35.3 |      26 |       4 |  13.3
       D:10 |    2643 |    2224 |  45.7 |      18 |       1 |   5.3
     Lair:1 |    1541 |       0 |   0.0 |       9 |       0 |   0.0
     Lair:2 |    3014 |    1282 |  29.8 |      15 |       2 |  11.8
     Lair:3 |     805 |     605 |  42.9 |       4 |       2 |  33.3
      Sewer |       0 |     224 | 100.0 |       0 |      48 | 100.0
            +---------+---------+-------+---------+---------+-------
